 Dungeon Crawl Stone Soup version 0.30-a0-715-gdb4ae3ece1 (webtiles) character file.

Game seed: 13379212632275601695

585 browni3141 the Caller (level 7, -9/57 HPs)
             Began as a Naga Summoner on Jan 24, 2023.
             Mangled by Duvessa
             ... wielding a +2 short sword of speed
              (19 damage)
             ... on level 4 of the Dungeon.
             The game lasted 00:08:25 (3725 turns).

browni3141 the Caller (Naga Summoner)               Turns: 3725, Time: 00:08:26

Health: -9/57      AC:  0    Str: 10    XL:     7   Next: 37%
Magic:  0/13       EV: 10    Int: 20    God:
Gold:   168        SH:  0    Dex: 12    Spells: 1/14 levels left

rFire   . . .      SeeInvis +    d - +2 short sword (venom)
rCold   . . .      Faith    .    (no shield)
rNeg    . . .      Spirit   .    a - +0 robe
rPois   +          Reflect  .    (no helmet)
rElec   .          Harm     .    (no cloak)
rCorr   .          Rampage  .    (no gloves)
Will    .....                    (no barding)
Stlth   ++                       (no amulet)
HPRegen 0.29/turn                j - ring of Asonautz {*Slow Fly Int+3}
MPRegen 0.13/turn                (no ring)

@: corroded, flying, very slow
A: AC +2, large, see invisible, deformed body, poison resistance, slowness 2,
spit poison 1, naga tail 1
a: Spit Poison


You were on level 4 of the Dungeon.
You visited 1 branch of the dungeon, and saw 4 of its levels.
You also visited: Ossuary.

You collected 168 gold pieces.

Inventory:

Hand Weapons
 d - a +2 short sword of venom (weapon)
Missiles
 e - 13 poisoned darts
Armour
 a - a +0 robe (worn)
Jewellery
 f - a ring of ice
 j - the ring of Asonautz (left hand) {*Slow Fly Int+3}
   (You found it on level 2 of the Dungeon)

   [ring of flight]

   Int:       It affects your intelligence (+3).
   Fly:       It grants you flight.
   *Slow:     It may slow you when you take damage.
Scrolls
 c - a scroll of immolation
 h - a scroll of enchant weapon
 k - 2 scrolls of fog
 l - a scroll of fear
 m - 2 scrolls of noise
 o - 3 scrolls of enchant armour
 t - 3 scrolls of teleportation
Potions
 b - a potion of magic
 g - 2 potions of ambrosia
 i - 3 potions of might
 n - 3 potions of degeneration {unknown}
 p - 2 potions of curing {unknown}
 q - a potion of resistance {unknown}
 s - 2 potions of heal wounds {unknown}
 u - a potion of lignification {unknown}
 v - a potion of brilliance {unknown}
 w - a potion of attraction {unknown}


   Skills:
 - Level 1.0 Fighting
 - Level 1.5 Dodging
 - Level 3.0 Stealth
 - Level 4.0 Spellcasting
 - Level 2.0 Hexes
 * Level 6.8 Summonings
 - Level 2.0 Air Magic


You had one spell level left.
You knew the following spells:

 Your Spells              Type           Power      Damage    Failure   Level
a - Summon Small Mammal   Summ           100%       N/A       1%          1
b - Call Imp              Summ           31%        N/A       1%          2
c - Call Canine Familiar  Summ           31%        N/A       2%          3
d - Summon Guardian Gole  Hex/Summ       21%        N/A       6%          3
e - Summon Lightning Spi  Summ/Air       21%        N/A       21%         4

Your spell library contained the following spells:

 Spells                   Type           Power      Damage    Failure   Level
 Sublimation of Blood     Necr           4%         N/A       19%         2
 Petrify                  Tmut/Erth      4%         N/A       77%         4
 Irradiate                Conj/Tmut      2%         3d12      98%         5


Dungeon Overview and Level Annotations

Branches:
Dungeon (4/15)            Ossuary (visited)
 Temple: D:4-7

Altars:
Okawaru

Annotations:
D:4 2 runed translucent doors, Duvessa


Innate Abilities, Weirdness & Mutations

Your serpentine skin is tough. (AC +2)
You have supernaturally acute eyesight. (SInv)
Armour fits poorly on your strangely shaped body.
Your system is resistant to poisons. (rPois)
You cover ground very slowly.
You can spit poison.
You have a snake-like lower body.


Message History

Training target 2.0 for Air Magic reached!
Your Hexes skill increases to level 2!
Your Air Magic skill increases to level 2!
Casting: Summon Guardian Golem (dangerous; 6% risk of failure)
Confirm with . or Enter, or press ? or * to list all spells.
A guardian golem appears, shielding your allies.
Duvessa rages.
Duvessa hits you with a +2 short sword of speed! x2
Duvessa attacks as you move away!
Duvessa hits you with a +2 short sword of speed!!
* * * LOW HITPOINT WARNING * * *
An orc comes into view. It is wielding a +0 club.
Duvessa hits your guardian golem with a +2 short sword of speed.
Duvessa hits your guardian golem with a +2 short sword of speed!
Duvessa hits your guardian golem with a +2 short sword of speed.
Duvessa hits your guardian golem but does no damage.
You are too injured to fight recklessly!
Casting: Call Canine Familiar (dangerous; 2% risk of failure)
Press: ? - help, Q - select action, (/) - cycle Dir - look around, f - activate Your guardian golem overheats!
Duvessa hits your guardian golem but does no damage.
Duvessa hits your guardian golem with a +2 short sword of speed.
Flame seeps out of your guardian golem.
A giant cockroach comes into view.
Found a scroll of identify.
Duvessa hits your guardian golem with a +2 short sword of speed.
Flame seeps out of your guardian golem.
Your guardian golem is engulfed in blazing flames.
Flame seeps out of your guardian golem.
Your hound barely misses Duvessa.
Duvessa hits your guardian golem with a +2 short sword of speed!
Your guardian golem disappears in a puff of smoke!
Your guardian golem explodes!
The fiery explosion engulfs Duvessa!
Duvessa resists.
Duvessa is engulfed in blazing flames.
The giant cockroach waves its antennae.
Casting: Call Canine Familiar (dangerous; 2% risk of failure)
Confirm with . or Enter, or press ? or * to list all spells.
A guardian golem appears, shielding your allies.
Duvessa hits you with a +2 short sword of speed!!
You die...

.. ....... ###.## #
#.?...... ..... .
#........ #..# ##.
#....B..# #.###..
#.......# ######......
#.......######...........
.....o........#.##.....#
####...@...........###..
#....9e######..##### ##.
#...h§§# #.## ##
####....§.# #)# ####
.........§######.# ##...
......○.§........# ##....
......○.§.###..###
#....## ......○§§.# #..#
####.#.##.
....###.####...#
#....#.#..


You could see Duvessa (berserk, ally target), an orc, a giant cockroach, a
friendly guardian golem (summoned) and a friendly hound (summoned, sheltered).

Vanquished Creatures
  2 mummies (Ossuary)
  A gnoll (D:2)
  An adder (D:2)
  2 worms (D:2)
  An orc (D:4)
  An endoplasm (D:2)
  3 giant cockroaches
  4 hobgoblins
  A jackal (D:3)
  A quokka (D:1)
  A ball python (D:2)
  A frilled lizard (D:1)
  2 gnoll skeletons (Ossuary)
  2 goblins
  A goblin skeleton (Ossuary)
  2 kobolds
  2 kobold skeletons (Ossuary)
  An orc skeleton (Ossuary)
  2 rats (D:1)
  11 rat skeletons (Ossuary)
42 creatures vanquished.

Vanquished Creatures (collateral kills)
  Grinder (D:3)
  12 mummies
  3 adders
  2 gnolls (D:2)
  2 worms (D:2)
  3 endoplasms
  2 giant cockroaches
  3 hobgoblins
  3 jackals (D:3)
  2 quokkas (D:2)
  A ball python (D:4)
  A bat (D:2)
  2 gnoll skeletons (Ossuary)
  2 goblins
  8 kobolds
  A rat (D:3)
48 creatures vanquished.

Vanquished Creatures (others)
  Dowan (D:4)
  A jelly (D:4)
  A kobold (D:4)
3 creatures vanquished.

Grand Total: 93 creatures vanquished

Notes
Turn   | Place    | Note
-------+----------+-------------------------------------------
     0 | D:1      | browni3141 the Naga Summoner began the quest for the Orb.
     0 | D:1      | Reached XP level 1. HP: 15/15 MP: 3/3
   168 | D:1      | Reached skill level 1 in Fighting
   357 | D:1      | Reached XP level 2. HP: 24/25 MP: 1/5
   624 | D:1      | Learned a level 2 spell: Call Imp
   958 | D:2      | Reached XP level 3. HP: 31/31 MP: 2/6
  1236 | D:2      | Reached skill level 5 in Summonings
  1594 | D:2      | Reached XP level 4. HP: 38/38 MP: 3/7
  1703 | D:2      | Identified the ring of Asonautz {*Slow Fly Int+3}
  1902 | D:3      | Found an iron altar of Okawaru.
  2018 | D:3      | Learned a level 3 spell: Call Canine Familiar
  2069 | D:3      | Noticed Grinder
  2091 | D:3      | Killed Grinder
  2092 | D:3      | Reached skill level 6 in Summonings
  2092 | D:3      | Reached XP level 5. HP: 44/44 MP: 1/11
  2092 | D:3      | Reached XP level 6. HP: 51/51 MP: 1/12
  2096 | D:3      | Learned a level 3 spell: Summon Guardian Golem
  2101 | D:3      | Learned a level 4 spell: Summon Lightning Spire
  2590 | D:4      | Found a sand-covered staircase.
  2611 | Ossuary  | Entered an ossuary
  2860 | Ossuary  | Reached skill level 1 in Air Magic
  2861 | Ossuary  | Reached skill level 1 in Hexes
  3182 | Ossuary  | Reached XP level 7. HP: 57/57 MP: 10/13
  3678 | D:4      | Found a runed translucent gate.
  3678 | D:4      | Found a runed translucent gate.
  3706 | D:4      | Noticed Duvessa
  3709 | D:4      | Noticed Dowan
  3718 | D:4      | Killed Dowan
  3725 | D:4      | Mangled by Duvessa

Illustrated notes

Levels and vault maps discovered:
D:1:      saegor_arrival_simple_c, layout_rooms
D:2:      layout_basic
D:3:      layout_rooms, mainiacjoe_overflow_paths, uniq_grinder
D:4:      layout_rooms, overflow_temple_1_default,
          gammafunk_ghost_nasty_kobolds, gup_ossuary_entry_pyramid, uniq_duvessa

Skill      XL: |  1  2  3  4  5  6  7 |
---------------+----------------------+-----
Fighting       | 1 |  1.0
Summonings     | 5 6 |  6.8
Spellcasting   | 4 |  4.0
Air Magic      | 1 2 |  2.0
Hexes          | 1 2 |  2.0
Dodging        | |  1.5
Stealth        | |  3.0

Action                     |  1- 3 |  4- 6 |  7- 9 || total
---------------------------+-------+-------+-------++-------
  Melee: Unarmed           |    52 |    35 |       ||    87
         Punch             |     1 |       |     1 ||     2
         Short sword       |       |    67 |    35 ||   102
   Cast: Summon Small Mamm |    40 |    14 |       ||    54
         Call Imp          |     9 |     7 |     1 ||    17
         Call Canine Famil |       |    14 |     5 ||    19
         Summon Guardian G |       |       |     3 ||     3
Ability: Spit Poison       |    14 |     8 |       ||    22
    Use: Scroll            |       |     6 |     3 ||     9
   Stab: Sleeping          |     1 |     1 |     2 ||     4
         Distracted        |       |     2 |       ||     2
 Armour: Robe              |    12 |    18 |     4 ||    34
  Dodge: Dodged            |    30 |    44 |    15 ||    89

Table legend: (Time is in decaauts)
 A = Elapsed time spent in this place.
 B = Non-inter-level travel time spent in this place.
 C = Inter-level travel time spent in this place.
 D = Time resting spent in this place.
 E = Time spent auto-exploring this place.
 F = Levels seen in this place.
 G = Mean time per level.
                   A        B        C        D        E       F      G
               +--------+--------+--------+--------+--------+-----+--------+
         Total |   4340 |   4296 |     44 |    127 |   3201 |   5 |  868.0 |
       Dungeon |   3196 |   3152 |     44 |    109 |   2377 |   4 |  799.0 |
       Ossuary |   1143 |   1143 |      0 |     18 |    824 |   1 | 1143.0 |
               +--------+--------+--------+--------+--------+-----+--------+

Top non-repeatable levels by time:
     D:2: 1210 daAuts
 Ossuary: 1143 daAuts
     D:1: 991 daAuts
     D:3: 805 daAuts
     D:4: 189 daAuts
